 Dungeon Crawl Stone Soup version 0.23-a0-808-gd21de94 (console) character file.

681 bli the Slasher (level 7, -6/54 HPs)
             Began as a Formicid Abyssal Knight on Jan 20, 2019.
             Was a Priest of Lugonu.
             Mangled by an ogre
             ... wielding a +0 giant club
              (17 damage)
             ... on level 4 of the Dungeon.
             The game lasted 00:17:07 (3077 turns).

bli the Slasher (Formicid Abyssal Knight)           Turns: 3077, Time: 00:17:07

Health: -6/54      AC:  7    Str: 26    XL:     7   Next: 92%
Magic:  8/8        EV: 11    Int: 11    God:    Lugonu [***...]
Gold:   395        SH:  0    Dex: 17    Spells: 6/6 levels left

rFire    . . .     SeeInvis +   f - +1 great sword {slice, *Contam Str+8 Dex+6} (curse)
rCold    . . .     Gourm    .   (no shield)
rNeg     . . .     Faith    .   m - +2 leather armour {rPois}
rPois    +         Spirit   .   (helmet unavailable)
rElec    .         Reflect  .   (no cloak)
rCorr    .         Harm     .   (no gloves)
MR       .....                  e - +1 pair of boots {Fly}
Stlth    +++.......             (no amulet)
HPRegen  0.18/turn              g - ring of stealth
MPRegen  0.11/turn              (no ring)

@: flying
A: permanent stasis, dig shafts and tunnels, four strong arms, antennae 3
a: Dig, Shaft Self, Depart the Abyss, Bend Space, Banish, Renounce Religion,
Stop Flying


You were on level 4 of the Dungeon.
You worshipped Lugonu.
Lugonu was most pleased with you.
You were not hungry.

You visited 1 branch of the dungeon, and saw 6 of its levels.
You visited the Abyss 1 time.

You collected 395 gold pieces.

Inventory:

Hand Weapons
 a - a +1 hand axe
 f - the cursed +1 great sword of Conscience (weapon) {slice, *Contam Str+8 Dex+6}
   (You found it on level 2 of the Abyss)

   It inflicts extra damage upon your enemies.
   It affects your strength (+8).
   It affects your dexterity (+6).
   It causes magical contamination when unequipped.
   It has a curse placed upon it.
 l - a +0 rapier
 u - a +0 dagger of pain
 w - a +0 hunting sling
 C - a +0 glaive
 F - a +1 dagger of venom
Missiles
 k - 30 sling bullets
 s - 64 stones (quivered)
Armour
 b - a +0 leather armour
 e - a +1 pair of boots of flying (worn)
 m - a +2 leather armour of poison resistance (worn)
 n - a +0 ring mail
 q - a +0 chain mail
 v - a +0 plate armour
 y - a +0 pair of boots
Jewellery
 g - a ring of stealth (left hand)
Wands
 x - a wand of digging (4)
Scrolls
 d - 7 scrolls of identify {unknown}
 h - 2 scrolls of fear {unknown}
 j - 2 scrolls of teleportation {unknown}
 o - 2 scrolls of noise {unknown}
 p - a scroll of fog {unknown}
 t - a scroll of enchant armour {unknown}
 B - a scroll of immolation {unknown}
Potions
 i - a potion of agility
 r - a potion of haste {unknown}
 z - a potion of mutation {unknown}
 A - a potion of flight {unknown}
 D - 2 potions of curing
Comestibles
 c - 8 rations
 E - 4 chunks of flesh


   Skills:
 + Level 4.1 Fighting
 * Level 7.2 Long Blades
 - Level 2.0 Axes
 * Level 3.0 Armour
 - Level 1.0 Dodging
 + Level 1.4 Stealth
 + Level 2.1 Invocations


You had 6 spell levels left.
You didn't know any spells.
Your spell library contained the following spells:

 Spells                   Type           Power        Failure   Level  Hunger
 Poisonous Vapours        Pois/Air       #.....       52%         2    ###....
 Conjure Flame            Conj/Fire      #.......     75%         3    ####...
 Mephitic Cloud           Conj/Pois/Air  #.......     75%         3    ####...
 Freezing Cloud           Conj/Ice/Air   #.........   100%        6    #######
 Ring of Flames           Chrm/Fire      #.........   100%        7    #######


Dungeon Overview and Level Annotations

Branches:
Dungeon (6/15)             Temple (0/1) D:4

Altars:
Dithmenos
Gozag
Kikubaaqudgha
Qazlal
Xom
Zin


Innate Abilities, Weirdness & Mutations

You cannot be hasted, slowed, berserked, paralysed or teleported.
You can dig through walls and to a lower floor.
Your four strong arms can wield two-handed weapons with a shield.
You have a pair of large antennae on your head. (SInv)


Message History

You kill the orc wizard!
Lugonu accepts your kill.
Your Armour skill increases to level 3!
An ogre comes into view. It is wielding a +0 giant club.
You barely miss the iguana. The iguana bites you!
The ogre shouts!
You hit the iguana but do no damage.
You hear a shout!
The iguana barely misses you.
You hit the iguana but do no damage. The iguana bites you!
You slice the iguana!!
You kill the iguana!
Lugonu accepts your kill.
The orc wizard points at you and mumbles some strange words.
The magic dart hits you! The ogre hits you with a +0 giant club!
* * * LOW HITPOINT WARNING * * *
There is a stone staircase leading up here.
The ogre hits you with a +0 giant club!
You die...

##### ###...##
#...@..# ###.O..##
. #......## ..
##.......# ...
##.........# ....
##.....#......
.(...#.o....#......
.........).........
..
......(<..[.......
...
.....>............
.♣.♣.♣
.#...............
... ..#


You could see an ogre and an orc wizard.

Vanquished Creatures
  Sigmund (D:2)
  A wyvern zombie (D:6)
  A crimson imp (D:6)
  An orc priest (D:2)
  An orc wizard (D:4)
  Ijyb (D:3)
  An iguana (D:4)
  2 worker ants (D:4)
  7 adders
  7 gnolls
  An ooze (D:3)
  An adder skeleton (D:6)
  2 adder zombies (D:6)
  4 worms
  6 dart slugs
  2 leopard geckos
  7 orcs
  11 bats
  6 giant cockroaches
  12 goblins
  6 hobgoblins
  10 jackals
  3 quokkas
  2 frilled lizards
  A jackal skeleton (D:6)
  6 kobolds
  8 rats
111 creatures vanquished.

Notes
Turn   | Place    | Note
-------+----------+-------------------------------------------
     0 | Abyss:1  | bli the Formicid Abyssal Knight began the quest for the
                  | Orb.
     0 | Abyss:1  | Reached XP level 1. HP: 18/18 MP: 2/2
    42 | Abyss:2  | Got a steaming great sword
    86 | Abyss:2  | Noticed a spatial vortex
    88 | Abyss:2  | Noticed a spatial vortex
   144 | D:1      | Escaped the Abyss
   145 | D:1      | Identified the cursed +1 great sword of Conscience {slice,
                  | *Contam Str+8 Dex+6} (You found it on level 2 of the Abyss)
   185 | D:1      | Reached * piety under Lugonu
   185 | D:1      | Reached XP level 2. HP: 23/25 MP: 3/3
   209 | D:1      | Reached skill level 1 in Long Blades
   343 | D:1      | Reached XP level 3. HP: 30/30 MP: 4/4
   543 | D:1      | Reached skill level 2 in Long Blades
   823 | D:2      | Noticed Sigmund
   834 | D:2      | Reached XP level 4. HP: 23/37 MP: 5/5
  1038 | D:2      | Reached skill level 3 in Long Blades
  1045 | D:2      | Reached XP level 5. HP: 36/42 MP: 6/6
  1066 | D:2      | Found a shadowy altar of Dithmenos.
  1068 | D:2      | Found a shimmering altar of Xom.
  1116 | D:2      | Reached skill level 4 in Long Blades
  1223 | D:2      | Reached ** piety under Lugonu
  1430 | D:2      | Killed Sigmund
  1430 | D:2      | Reached skill level 5 in Long Blades
  1430 | D:2      | Reached XP level 6. HP: 28/48 MP: 7/7
  1754 | D:3      | Noticed Ijyb
  1759 | D:3      | Killed Ijyb
  1775 | D:3      | You are sucked into a shaft for 3 floors!
  1784 | D:6      | Reached XP level 7. HP: 54/54 MP: 8/8
  1810 | D:6      | Reached skill level 6 in Long Blades
  1986 | D:6      | Found an ancient bone altar of Kikubaaqudgha.
  2006 | D:6      | Found a stormy altar of Qazlal.
  2037 | D:6      | Reached skill level 1 in Dodging
  2172 | D:5      | Entered Level 5 of the Dungeon
  2208 | D:4      | Found a staircase to the Ecumenical Temple.
  2323 | D:3      | Reached skill level 1 in Stealth
  2374 | D:3      | Reached *** piety under Lugonu
  2890 | D:3      | Reached skill level 7 in Long Blades
  3003 | D:3      | Found an opulent altar of Gozag.
  3005 | D:3      | Found a glowing silver altar of Zin.
  3077 | D:4      | Mangled by an ogre

Vault maps used:
D:1:      noname_arrival_rooms_in_the_neighbourhood
D:2:      chequers_temple_overflow_statue_of_worship, uniq_sigmund
D:3:      grunt_temple_overflow_gold_and_silver, kennysheep_generic_room_8,
          uniq_ijyb
D:4:      minmay_temple_entry_butterflies, serial_forest,
          infiniplex_forest_clump_curved, infiniplex_forest_lined_room_2,
          infiniplex_forest_lined_room_2, infiniplex_forest_zigzag_2,
          infiniplex_forest_clump_long, infiniplex_forest_clump_C,
          infiniplex_forest_corner_2, infiniplex_forest_lined_3
D:5:      first_ration
D:6:      nicolae_overflow_quartered_altars, fedhas_altar_1, uniq_eustachio,
          uniq_pikel
Abyss:2:  evilmike_abyss_exit_mutagenic
Abyss:3:  evilmike_abyss_exit_1, minivault_13,
          evilmike_abyss_rune_elephants_shrine, evilmike_abyss_exit_16

Skill      XL: |  1  2  3  4  5  6  7 |
---------------+----------------------+-----
Long Blades    | 1 2 3 5 7 |  7.2
Fighting       | 4 |  4.1
Dodging        | 1 |  1.0
Stealth        | 1 |  1.4
Armour         | 3 |  3.0
Axes           | |  2.0
Invocations    | |  2.1

Action                   |  1- 3 |  4- 6 |  7- 9 || total
-------------------------+-------+-------+-------++-------
Melee: Great sword       |    40 |    71 |    88 ||   199
Throw: Stone             |       |    22 |       ||    22
Invok: Depart the Abyss  |     1 |       |       ||     1
  Use: Potion            |       |     3 |       ||     3
 Stab: Sleeping          |     3 |     3 |     4 ||    10
  Eat: Chunk             |       |     3 |     4 ||     7
Armor: Leather armour    |    15 |    38 |    29 ||    82
       Skin              |       |     9 |       ||     9
Dodge: Dodged            |    25 |    69 |    51 ||   145
       Rpst.: Great sword |    10 |    27 |    17 ||    54

Table legend:
 A = Non-vault XP
 B = Vault XP
 C = Vault XP percentage of total XP
 D = Non-vault monster count
 E = Vault monster count
 F = Vault count percentage of total count
                 A         B        C        D         E       F
            +---------+---------+-------+---------+---------+-------
      Total |     714 |     259 |  26.6 |     109 |       2 |   1.8
            +---------+---------+-------+---------+---------+-------
        D:1 |      66 |       0 |   0.0 |      29 |       0 |   0.0
        D:2 |     145 |     223 |  60.6 |      29 |       1 |   3.3
        D:3 |     160 |      36 |  18.4 |      36 |       1 |   2.7
        D:4 |     144 |       0 |   0.0 |       5 |       0 |   0.0
        D:6 |     199 |       0 |   0.0 |      10 |       0 |   0.0
            +---------+---------+-------+---------+---------+-------
